 Dungeon Crawl Stone Soup version 0.32-a0-329-ge6c31236d6 (webtiles) character file.

Game seed: 9974828635150922619

994 Dittersdorf the Covered (level 8, -1/51 HPs)
             Began as a Gargoyle Fighter on Feb 14, 2024.
             Was an Initiate of Gozag.
             Incinerated by a bombardier beetle (5 damage)
             ... with a burning spray
             ... on level 5 of the Dungeon on Feb 16, 2024.
             The game lasted 00:05:25 (3984 turns).

Dittersdorf the Covered (Gargoyle Fighter)          Turns: 3984, Time: 00:05:25

Health: -1/51      AC: 14    Str: 21    XL:     8   Next: 19%
Magic:  8/8        EV:  9    Int: 10    God:    Gozag
Gold:   280        SH:  6    Dex:  9    Spells: 7/7 levels left

rFire   . . .        f - +0 morningstar
rCold   . . .        c - +1 buckler
rNeg    + . .        b - +0 scale mail
rPois   ∞            (no helmet)
rElec   +            (no cloak)
rCorr   .            (no gloves)
SInv    .            o - +0 pair of boots
Will    .....        (no amulet) Stlth
                     (no ring)
HPRegen 0.28/turn    (no ring)
MPRegen 0.11/turn

%: no passive effects
@: on fire, glowing
A: sickness immunity, AC +5, negative energy resistance 1, electricity
resistance, torment resistance 1, petrification resistance
a: Renounce Religion, Potion Petition, Call Merchant, Bribe Branch


You were on level 5 of the Dungeon.
You worshipped Gozag.
Gozag was aware of your devotion.
You visited 1 branch of the dungeon, and saw 5 of its levels.

You collected 341 gold pieces.
You paid 61 gold pieces to Gozag.

Inventory:

Hand Weapons
 f - a +0 morningstar (weapon)
Missiles
 p - a throwing net (quivered)
Armour
 b - a +0 scale mail (worn)
 c - a +1 buckler (worn)
 o - a +0 pair of boots (worn)
Scrolls
 g - a scroll of fear
 h - 2 scrolls of enchant weapon
Potions
 d - 2 potions of might
 i - 2 potions of heal wounds {unknown}
 j - 5 potions of curing {unknown}
 k - a potion of haste {unknown}
 l - a potion of ambrosia {unknown}
 n - 3 potions of brilliance


   Skills:
 + Level 6.0 Fighting
 + Level 4.9 Maces & Flails
 + Level 6.0 Armour
 + Level 6.0 Shields


You had 7 spell levels left.
You didn't know any spells.
Your spell library contained the following spells:

 Spells                   Type           Power      Damage    Failure   Level
 Leda's Liquefaction      Alch/Erth      0%         N/A       100%        4
 Lee's Rapid Deconstruct  Erth           0%         3d4*      100%        5
 Bombard                  Conj/Erth      0%         9d1       100%        6


Dungeon Overview and Level Annotations

Branches:
Dungeon (5/15)
 Temple: D:4-7

Altars:
Gozag
Okawaru


Innate Abilities, Weirdness & Mutations

You are immune to sickness and miasma.
Your stone body is resilient. (AC +5)
You are immune to poison.
You resist negative energy. (rN+)
You are resistant to electric shocks. (rElec)
You are resistant to unholy torment.
You are immune to petrification.


Message History

You are too injured to fight recklessly!
You are too injured to fight recklessly!
You are too injured to fight recklessly!
You are too injured to fight recklessly!
You are too injured to fight recklessly!
You are too injured to fight recklessly!
You are too injured to fight recklessly!
You are too injured to fight recklessly!
You are too injured to fight recklessly!
You are too injured to fight recklessly!
You are too injured to fight recklessly!
You are too injured to fight recklessly!
You are too injured to fight recklessly!
You are too injured to fight recklessly!
You are too injured to fight recklessly!
You are too injured to fight recklessly!
You are too injured to fight recklessly!
You are too injured to fight recklessly!
You are too injured to fight recklessly!
You are too injured to fight recklessly!
You are too injured to fight recklessly!
You are too injured to fight recklessly!
You shake off some of the fire as you move.
The liquid fire burns you!
The bombardier beetle sprays incendiary fluid at you.
The burning spray hits you.
You are even more covered in liquid fire!
The white imp gestures at you. The puff of frost hits you!
* * * LOW HITPOINT WARNING * * *
You shake off some of the fire as you move.
The liquid fire burns you!
* * * LOW HITPOINT WARNING * * *
You shake off some of the fire as you move.
The liquid fire burns you!
* * * LOW HITPOINT WARNING * * *
You shake off some of the fire as you move.
The liquid fire burns you!
You die...
Your body crumbles into a pile of gold.

##.....#....
##........... #
#............ ..#
#............ ....
#............
#..####....B.......
#.# #....#.$.......?..
#.# ####.#.$.5.......>
#.# #.....@...........
#.# #.##.........#....
#.###<#####...########
#.#...# ###....
#.#.### #####
#######...#
........### #######.#
#.#


You could see a bombardier beetle and a white imp.

Vanquished Creatures
  Eustachio (D:4)
  An ice beast (D:5)
  A phantom (D:4)
  3 scorpions
  A bombardier beetle (D:3)
  3 jellies
  An orc priest (D:3)
  An iguana (D:4)
  2 sleepcaps
  2 orc wizards (D:3)
  5 adders
  3 gnolls (D:4)
  2 ufetubi (D:5)
  3 dart slugs
  A ribbon worm (D:2)
  10 orcs
  2 bats (D:1)
  3 endoplasms (D:1)
  3 giant cockroaches
  5 goblins
  5 hobgoblins
  6 jackals
  5 quokkas
  5 ball pythons
  2 frilled lizards (D:1)
  6 kobolds
  2 rats
84 creatures vanquished.

Notes
Turn   | Place    | Note
-------+----------+-------------------------------------------
     0 | D:1      | Dittersdorf the Gargoyle Fighter began the quest for the
                  | Orb.
     0 | D:1      | Reached XP level 1. HP: 14/14 MP: 1/1
    41 | D:1      | Reached XP level 2. HP: 5/19 MP: 2/2
   134 | D:1      | Upgraded the game from 0.32-a0-306-gfed3edf829 to
                  | 0.32-a0-329-ge6c31236d6
   276 | D:1      | Reached XP level 3. HP: 23/23 MP: 3/3
  1215 | D:2      | Reached XP level 4. HP: 29/29 MP: 4/4
  1565 | D:3      | Reached XP level 5. HP: 30/33 MP: 5/5
  1712 | D:3      | Found an iron altar of Okawaru.
  2210 | D:3      | Reached XP level 6. HP: 39/39 MP: 6/6
  2358 | D:4      | Found an opulent altar of Gozag.
  2386 | D:4      | Became a worshipper of Gozag Ym Sagoz the Greedy
  2398 | D:4      | Reached skill level 5 in Shields
  2465 | D:4      | Reached skill level 5 in Fighting
  2465 | D:4      | Reached skill level 5 in Armour
  2465 | D:4      | Reached XP level 7. HP: 37/44 MP: 7/7
  2539 | D:4      | Noticed Eustachio
  2702 | D:4      | Killed Eustachio
  3744 | D:5      | Entered Level 5 of the Dungeon
  3897 | D:5      | Reached XP level 8. HP: 44/51 MP: 8/8
  3984 | D:5      | Incinerated by a bombardier beetle

Illustrated notes

Levels and vault maps discovered:
D:1:      dpeg_arrival_solitude, layout_rooms, serial_forest,
          infiniplex_forest_lined_3, infiniplex_forest_end_double,
          infiniplex_forest_straight_1, infiniplex_forest_clump_C,
          infiniplex_forest_end_2, infiniplex_forest_clump_cross,
          infiniplex_forest_lined_2, minmay_quantized
D:2:      layout_basic, nicolae_half_adder
D:3:      layout_basic, okawaru_metal_pillars_3, kennysheep_generic_room_8
D:4:      layout_loops_corners, lemuel_round_altar, uniq_eustachio
D:5:      layout_rooms, hellmonk_ghost_happy_afterlife

Skill      XL: |  1  2  3  4  5  6  7  8 |
---------------+-------------------------+-----
Shields        | 4 5 6 |  6.0
Armour         | 4 5 6 |  6.0
Fighting       | 4 5 6 |  6.0
Maces & Flails | 3 4 |  4.9

Action                     |  1- 3 |  4- 6 |  7- 9 || total
---------------------------+-------+-------+-------++-------
  Melee: Flail             |   213 |   138 |    28 ||   379
         Morningstar       |       |       |   103 ||   103
    Use: Scroll            |       |     8 |     2 ||    10
   Stab: Distracted        |       |       |     1 ||     1
 Armour: Scale mail        |    57 |   103 |   192 ||   352
  Dodge: Dodged            |    54 |    46 |   102 ||   202
  Block: Buckler           |    15 |    25 |    71 ||   111

Table legend: (Time is in decaauts)
 A = Elapsed time spent in this place.
 B = Non-inter-level travel time spent in this place.
 C = Inter-level travel time spent in this place.
 D = Time resting spent in this place.
 E = Time spent auto-exploring this place.
 F = Levels seen in this place.
 G = Mean time per level.
                   A        B        C        D        E       F      G
               +--------+--------+--------+--------+--------+-----+--------+
         Total |   4129 |   3929 |    200 |    237 |   2690 |   5 |  825.8 |
       Dungeon |   4129 |   3929 |    200 |    237 |   2690 |   5 |  825.8 |
               +--------+--------+--------+--------+--------+-----+--------+

Top non-repeatable levels by time:
     D:4: 1341 daAuts
     D:1: 992 daAuts
     D:3: 897 daAuts
     D:2: 639 daAuts
     D:5: 259 daAuts
